Griffins vs Senators
Created - Saturday, January 25, 2025 at 22:25
Goals
|
Griffins |
0 |
2 |
1 |
0 |
1 |
3 |
Senators |
1 |
0 |
2 |
0 |
2 |
4 |
|
Shots
|
Griffins |
5 |
23 |
14 |
1 |
9 |
43 |
Senators |
11 |
12 |
14 |
2 |
9 |
39 |
|
1st period
1. Senators , Graeme Clarke 18 (Seth Griffith 39, Mathieu Olivier 31) at 0:58 (PP)
Penalties :
John Ludvig (GRG) for High sticking (Minor) at 0:09, Jake Livingstone (GRG) for Interference (Minor) at 6:15, Mathieu Olivier (BEL) for Holding (Minor) at 14:18, Logan Day (BEL) for High sticking (Minor) at 19:53
2nd period
2. Griffins , Mikhail Abramov 16 (Bryce Kindopp 9, Matt Donovan 23) at 8:24
3. Griffins , Mikhail Abramov 17 (Jake Livingstone 10, Hendrix Lapierre 27) at 18:55 (PP)
Penalties :
Riley Stillman (BEL) for Tripping (Minor) at 9:33, William Villeneuve (BEL) for Roughing (Minor) at 9:53, Roland McKeown (BEL) for Roughing (Minor) at 17:34
3rd period
4. Senators , Gerry Mayhew 19 (Graeme Clarke 40, William Villeneuve 13) at 11:18
5. Senators , Seth Griffith 22 (Mathieu Olivier 32, Cameron Hebig 18) at 13:05
6. Griffins , Jacob Peterson 19 (Nicholas Robertson 36) at 19:49 (PP)
Penalties :
Givani Smith (BEL) for Roughing (Minor) at 0:34, Matt Donovan (GRG) for Hooking (Minor) at 5:12, Riley Stillman (BEL) for Tripping (Minor) at 7:21, William Villeneuve (BEL) for Cross-checking (Minor) at 9:06, Mathieu Olivier (BEL) for Tripping (Minor) at 19:16
Overtime #1
No Goal
Penalties :
No Penalty
Shootout
Griffins, Mikhail Abramov - Shot Misses the Net
Senators, Gerry Mayhew - Stopped by Casey DeSmith
Griffins, Fyodor Svechkov - Shot Misses the Net
Senators, Seth Griffith - Stopped by Casey DeSmith
Griffins, Hendrix Lapierre - Stopped by Alexei Kolosov
Senators, Graeme Clarke - Stopped by Casey DeSmith
Griffins, Nicholas Robertson - Stopped by Alexei Kolosov
Senators, Cameron Hebig - Stopped by Casey DeSmith
Griffins, Jacob Peterson - Stopped by Alexei Kolosov
Senators, Mathieu Olivier - Shot Misses the Net
Griffins, Joel L'Esperance - Stopped by Alexei Kolosov
Senators, Dakota Mermis - Stopped by Casey DeSmith
Griffins, Justin Sourdif - Stopped by Alexei Kolosov
Senators, Peter Abbandonato - Shot Misses the Net
Griffins, Matthew Boucher - Goal!
Senators, Tye Felhaber - Goal!
Griffins, Marc McLaughlin - Stopped by Alexei Kolosov
Senators, Cal O'Reilly - Goal!
Penalties :
No Penalty
Goalie Stats
Casey DeSmith (GRG), 36 saves from 39 shots - (0.923), OTL, 21-18-5, 64:29 minutes
Alexei Kolosov (BEL), 40 saves from 43 shots - (0.930), W, 26-10-2, 65:00 minutes
Players Stats for Griffins
Player Name G A P +/- PIM S H SB GA TA FO MP PP MP PK MP
------------------------------------------------------------------------------------
Bobby Trivigno 0 0 0 -1 0 1 0 0 0 0 0/0 4:36 0:00 0:00
Brady Lyle 0 0 0 -1 0 2 1 2 0 0 0/0 14:09 0:30 0:00
Bryce Kindopp 0 1 1 0 0 0 0 0 0 0 1/2 15:18 0:30 0:00
Chase Priskie 0 0 0 0 0 2 2 0 0 0 0/0 26:14 6:38 2:30
Eemil Viro 0 0 0 -1 0 0 3 1 0 0 0/0 16:10 0:25 2:24
Fyodor Svechkov 0 0 0 -1 0 1 1 0 0 0 4/10 19:52 6:50 2:48
Hendrix Lapierre 0 1 1 0 0 6 0 0 0 0 18/30 22:32 6:34 1:20
Jacob Peterson 1 0 1 -1 0 5 2 0 0 0 9/21 19:18 6:37 2:27
Jake Livingstone 0 1 1 0 2 1 0 0 0 0 0/0 20:59 6:51 0:56
Joel L'Esperance 0 0 0 0 0 3 1 0 0 0 1/3 15:16 0:00 0:00
John Ludvig 0 0 0 0 2 3 2 1 0 0 0/0 25:17 6:33 2:02
Justin Sourdif 0 0 0 0 0 3 2 0 0 0 7/11 24:11 6:05 1:09
Keean Washkurak 0 0 0 0 0 0 0 0 0 0 0/0 0:00 0:00 0:00
Marc McLaughlin 0 0 0 -1 0 1 0 0 0 0 1/1 2:57 1:12 0:10
Matt Donovan 0 1 1 0 2 3 2 0 0 0 0/0 22:08 6:51 1:42
Matthew Boucher 0 0 0 1 0 3 2 0 0 0 1/1 17:41 0:30 0:20
Mikhail Abramov 2 0 2 1 0 2 1 0 0 0 12/22 20:27 6:34 0:00
Nicholas Robertson 0 1 1 -1 0 7 1 1 0 0 0/1 23:05 6:50 1:20
Players Stats for Senators
Player Name G A P +/- PIM S H SB GA TA FO MP PP MP PK MP
------------------------------------------------------------------------------------
Cal O'Reilly 0 0 0 0 0 1 0 0 0 0 5/16 11:35 0:00 4:39
Cameron Hebig 0 1 1 0 0 4 0 0 0 0 1/1 15:13 2:06 0:53
Dakota Mermis 0 0 0 1 0 2 2 4 0 0 0/0 23:19 2:41 4:25
Gerry Mayhew 1 0 1 1 0 5 1 0 0 0 1/2 16:27 2:22 0:00
Givani Smith 0 0 0 0 2 0 2 0 0 0 0/1 13:35 2:25 0:00
Graeme Clarke 1 1 2 1 0 4 2 0 0 0 7/17 19:47 2:41 1:50
Greg McKegg 0 0 0 0 0 1 1 0 0 0 10/17 16:58 0:00 7:27
Jon Merrill 0 0 0 0 0 1 2 3 0 0 0/0 21:36 1:56 2:49
Logan Day 0 0 0 0 2 1 5 2 0 0 0/0 19:12 0:00 5:12
Mathieu Olivier 0 2 2 0 4 8 4 0 0 0 0/2 22:06 2:22 5:29
Milan Lucic 0 0 0 0 0 2 4 0 0 0 0/2 10:42 0:00 4:00
Peter Abbandonato 0 0 0 0 0 2 1 0 0 0 9/15 11:56 2:25 0:00
Riley Stillman 0 0 0 0 4 1 1 0 0 0 0/0 17:59 0:00 4:44
Roland McKeown 0 0 0 0 2 0 1 1 0 0 0/0 18:54 0:00 5:34
Seth Griffith 1 1 2 0 0 5 1 0 0 0 14/28 17:07 2:22 0:00
Tye Felhaber 0 0 0 1 0 2 0 0 0 0 1/1 17:12 2:25 2:00
Tyler Spezia 0 0 0 0 0 0 0 0 0 0 0/0 6:42 0:00 0:00
William Villeneuve 0 1 1 1 4 0 0 0 0 0 0/0 18:44 0:10 4:39
3 Stars
1 - Mikhail Abramov (GRG)
2 - Graeme Clarke (BEL)
3 - Seth Griffith (BEL)
Power Play
Griffins - 2 on 9 Attempt(s) - 22.22%
Senators - 1 on 3 Attempt(s) - 33.33%
Penalty Kill
Griffins - 2 on 3 Attempt(s) - 66.67%
- Score 0 goal in Penalty Kill
Senators - 7 on 9 Attempt(s) - 77.78%
- Score 0 goal in Penalty Kill
Team Stat
Griffins - Hits : 20 - Faceoff Wins : 54 - Blocked Shots : 5 - Penalty Minutes : 6
Senators - Hits : 27 - Faceoff Wins : 48 - Blocked Shots : 10 - Penalty Minutes : 18
Official
Referees : Jake Brenk and Jordan Samuels
Linesman : Kyle Flemington and Libor Suchanek
Game Notes
No Game Note
Finance
Level 1 -- Attendance: 1792 (89.60%) -- Ticket Income $62,720
Level 2 -- Attendance: 1000 (100.00%) -- Ticket Income $15,000
Total Attendance: 2792 (93.07%)
Total Ticket Income: $77,720
Other Income: $38,083
Total Income: $115,803
Griffins
5 vs 5 Forward
Center Left Wing Right Wing Time % Phy DF OF
1 Hendrix Lapierre Joel L'Esperance Justin Sourdif 25 1 2 2
2 Jacob Peterson Fyodor Svechkov Nicholas Robertson 25 1 2 2
3 Mikhail Abramov Matthew Boucher Bryce Kindopp 25 1 2 2
4 Justin Sourdif Bobby Trivigno Nicholas Robertson 25 1 2 2
5 vs 5 Defense
Defense Defense Time % Phy DF OF
1 John Ludvig Chase Priskie 25 1 2 2
2 Matt Donovan Jake Livingstone 25 1 2 2
3 Brady Lyle Eemil Viro 25 1 2 2
4 John Ludvig Chase Priskie 25 1 2 2
PowerPlay Forward
Center Left Wing Right Wing Time % Phy DF OF
1 Hendrix Lapierre Mikhail Abramov Justin Sourdif 60 1 2 2
2 Jacob Peterson Fyodor Svechkov Nicholas Robertson 40 1 2 2
PowerPlay Defense
Defense Defense Time % Phy DF OF
1 John Ludvig Chase Priskie 60 1 2 2
2 Matt Donovan Jake Livingstone 40 1 2 2
Penalty Kill 4 Players Forward
Center Wing Time % Phy DF OF
1 Fyodor Svechkov Jacob Peterson 60 1 2 2
2 Hendrix Lapierre Nicholas Robertson 40 1 2 2
Penalty Kill 4 Players Defense
Defense Defense Time % Phy DF OF
1 John Ludvig Chase Priskie 60 1 2 2
2 Matt Donovan Jake Livingstone 40 1 2 2
Penalty Kill - 3 Players Forward
Forward Time % Phy DF OF
1 Fyodor Svechkov 60 1 2 2
2 Nicholas Robertson 40 1 2 2
Penalty Kill - 3 Players Defense
Defense Defense Time % Phy DF OF
1 John Ludvig Chase Priskie 60 1 2 2
2 Matt Donovan Jake Livingstone 40 1 2 2
4 vs 4 Forward
Center Wing Time % Phy DF OF
1 Fyodor Svechkov Jacob Peterson 60 1 2 2
2 Hendrix Lapierre Nicholas Robertson 40 1 2 2
4 vs 4 Defense
Defense Defense Time % Phy DF OF
1 John Ludvig Chase Priskie 60 1 2 2
2 Matt Donovan Jake Livingstone 40 1 2 2
Last Minutes Offensive
Center Left Wing Right Wing Defense Defense
Hendrix Lapierre Jacob Peterson Nicholas Robertson John Ludvig Chase Priskie
Last Minutes Defensive
Center Left Wing Right Wing Defense Defense
Hendrix Lapierre Jacob Peterson Nicholas Robertson John Ludvig Chase Priskie
Goaltenders
Starting : Casey DeSmith
Backup : FarmGoal4
Extra Forwards
Normal : Marc McLaughlin, Mikhail Abramov, Justin Sourdif - PP : Marc McLaughlin, Mikhail Abramov - PK : Justin Sourdif
Extra Defensemen
Normal : Brady Lyle, Eemil Viro, Matt Donovan - PP : Brady Lyle - PK : Eemil Viro, Matt Donovan
Penalty Shots
Mikhail Abramov, Fyodor Svechkov, Hendrix Lapierre, Nicholas Robertson, Jacob Peterson
Custom OT Lines Forwards
Joel L'Esperance, Matthew Boucher, Hendrix Lapierre, Nicholas Robertson, Jacob Peterson, Fyodor Svechkov, Mikhail Abramov, Justin Sourdif, Marc McLaughlin, Bryce Kindopp
Custom OT Lines Defensemen
John Ludvig, Chase Priskie, Matt Donovan, Jake Livingstone, Brady Lyle
Scratches
Jack Finley (Healthy), Brendan Warren (Healthy), Dennis Cesana (Healthy), Lukas Svejkovsky (Healthy), Artem Guryev (Healthy)
Senators
5 vs 5 Forward
Center Left Wing Right Wing Time % Phy DF OF
1 Seth Griffith Cameron Hebig Mathieu Olivier 30 0 1 4
2 Graeme Clarke Tye Felhaber Gerry Mayhew 27 0 1 4
3 Peter Abbandonato Greg McKegg Givani Smith 24 0 1 4
4 Cal O'Reilly Tyler Spezia Milan Lucic 19 0 1 4
5 vs 5 Defense
Defense Defense Time % Phy DF OF
1 William Villeneuve Dakota Mermis 30 0 4 1
2 Logan Day Jon Merrill 30 0 4 1
3 Roland McKeown Riley Stillman 30 0 4 1
4 William Villeneuve Dakota Mermis 10 0 4 1
PowerPlay Forward
Center Left Wing Right Wing Time % Phy DF OF
1 Seth Griffith Mathieu Olivier Gerry Mayhew 60 0 0 5
2 Peter Abbandonato Tye Felhaber Givani Smith 40 0 0 5
PowerPlay Defense
Defense Defense Time % Phy DF OF
1 Graeme Clarke Dakota Mermis 60 0 1 4
2 Cameron Hebig Jon Merrill 40 0 1 4
Penalty Kill 4 Players Forward
Center Wing Time % Phy DF OF
1 Greg McKegg Mathieu Olivier 60 0 4 1
2 Cal O'Reilly Milan Lucic 40 0 4 1
Penalty Kill 4 Players Defense
Defense Defense Time % Phy DF OF
1 William Villeneuve Logan Day 60 0 5 0
2 Riley Stillman Roland McKeown 40 0 5 0
Penalty Kill - 3 Players Forward
Forward Time % Phy DF OF
1 Greg McKegg 60 0 5 0
2 Cal O'Reilly 40 0 5 0
Penalty Kill - 3 Players Defense
Defense Defense Time % Phy DF OF
1 William Villeneuve Logan Day 60 0 5 0
2 Riley Stillman Roland McKeown 40 0 5 0
4 vs 4 Forward
Center Wing Time % Phy DF OF
1 Seth Griffith Gerry Mayhew 60 0 0 5
2 Peter Abbandonato Givani Smith 40 0 0 5
4 vs 4 Defense
Defense Defense Time % Phy DF OF
1 Graeme Clarke Dakota Mermis 60 0 1 4
2 Cameron Hebig Jon Merrill 40 0 1 4
Last Minutes Offensive
Center Left Wing Right Wing Defense Defense
Seth Griffith Mathieu Olivier Gerry Mayhew Graeme Clarke Dakota Mermis
Last Minutes Defensive
Center Left Wing Right Wing Defense Defense
Cal O'Reilly Greg McKegg Mathieu Olivier Dakota Mermis William Villeneuve
Goaltenders
Starting : Alexei Kolosov
Backup : Pavel Cajan
Extra Forwards
Normal : Seth Griffith, Gerry Mayhew, Graeme Clarke - PP : Seth Griffith, Graeme Clarke - PK : Mathieu Olivier
Extra Defensemen
Normal : Dakota Mermis, Jon Merrill, William Villeneuve - PP : Dakota Mermis - PK : Dakota Mermis, William Villeneuve
Penalty Shots
Gerry Mayhew, Seth Griffith, Graeme Clarke, Cameron Hebig, Mathieu Olivier
Custom OT Lines Forwards
Seth Griffith, Mathieu Olivier, Graeme Clarke, Givani Smith, Gerry Mayhew, Cameron Hebig, Peter Abbandonato, Greg McKegg, Cal O'Reilly, Milan Lucic
Custom OT Lines Defensemen
Dakota Mermis, Jon Merrill, William Villeneuve, Roland McKeown, Riley Stillman
Scratches
Paul LaDue (Healthy), Mike Benning (Healthy), Blake Hillman (Healthy), Alex Whelan (Healthy), Zach Jordan (Healthy)
Travis Barron (Healthy), Mark Pysyk (Healthy), Garrett Roe (Suspend), Josh Melnick (Healthy), Nikolas Brouillard (Healthy)
Lassi Thomson (Healthy)
% Time on Ice - Griffins
Lines # - Real PCT - Wanted PCT - Time Play
Normal Forward
1 - 31% - 25% - 13:00
2 - 22% - 25% - 9:08
3 - 35% - 25% - 14:35
4 - 11% - 25% - 4:36
Normal Defense
1 - 15% - 25% - 6:11
2 - 32% - 25% - 13:13
3 - 33% - 25% - 13:39
4 - 20% - 25% - 8:16
PP Forward
1 - 50% - 60% - 6:59
2 - 50% - 40% - 6:55
PP Defense
1 - 51% - 60% - 7:03
2 - 49% - 40% - 6:51
PK Forward
1 - 72% - 60% - 3:27
2 - 28% - 40% - 1:20
PK Defense
1 - 52% - 60% - 2:30
2 - 48% - 40% - 2:17
PK3 Forward
1 - 0% - 60%
2 - 0% - 40%
PK3 Defense
1 - 0% - 60%
2 - 0% - 40%
44 Forward
1 - 0% - 60%
2 - 0% - 40%
44 Defense
1 - 0% - 60%
2 - 0% - 40%
Last Minute Offensive - 0:00
Last Minute Defensive - 0:00
Total
Forward - 60:00
Defense - 60:00
|
% Time on Ice - Senators
Lines # - Real PCT - Wanted PCT - Time Play
Normal Forward
1 - 29% - 30% - 12:05
2 - 31% - 27% - 12:47
3 - 23% - 24% - 9:31
4 - 16% - 19% - 6:42
Normal Defense
1 - 31% - 30% - 12:48
2 - 34% - 30% - 13:58
3 - 32% - 30% - 13:21
4 - 2% - 10% - 0:58
PP Forward
1 - 49% - 60% - 2:22
2 - 51% - 40% - 2:25
PP Defense
1 - 56% - 60% - 2:41
2 - 44% - 40% - 2:06
PK Forward
1 - 67% - 60% - 8:01
2 - 33% - 40% - 4:00
PK Defense
1 - 55% - 60% - 6:38
2 - 45% - 40% - 5:23
PK3 Forward
1 - 65% - 60% - 1:14
2 - 35% - 40% - 0:39
PK3 Defense
1 - 55% - 60% - 1:02
2 - 45% - 40% - 0:51
44 Forward
1 - 0% - 60%
2 - 0% - 40%
44 Defense
1 - 0% - 60%
2 - 0% - 40%
Last Minute Offensive - 0:00
Last Minute Defensive - 0:14
Total
Forward - 60:00
Defense - 60:00
|
Play-by-Play
1st period
0:01 of 1st period - Hendrix Lapierre wins face-off versus Seth Griffith in neutral zone.
0:09 of 1st period - Minor Penalty to John Ludvig for High sticking.
0:10 of 1st period - Fyodor Svechkov wins face-off versus Seth Griffith in Griffins zone.
0:29 of 1st period - Shot by Graeme Clarke.
0:29 of 1st period - Stopped by Casey DeSmith without a rebound.
0:30 of 1st period - Peter Abbandonato wins face-off versus Fyodor Svechkov in Griffins zone.
0:45 of 1st period - Shot by Tye Felhaber.
0:45 of 1st period - Stopped by Casey DeSmith without a rebound.
0:46 of 1st period - Seth Griffith wins face-off versus Fyodor Svechkov in Griffins zone.
0:46 of 1st period - Seth Griffith is hit by Matt Donovan.
0:58 of 1st period - Shot by Graeme Clarke.
0:58 of 1st period - Goal by Graeme Clarke - Griffins : 0 - Senators : 1.
0:59 of 1st period - Matthew Boucher wins face-off versus Peter Abbandonato in neutral zone.
2:53 of 1st period - Shot by Joel L'Esperance.
2:53 of 1st period - Shot Misses the Net.
2:55 of 1st period - Shot by Chase Priskie.
2:55 of 1st period - Stopped by Alexei Kolosov without a rebound.
2:56 of 1st period - Justin Sourdif wins face-off versus Mathieu Olivier in Senators zone.
2:59 of 1st period - Shot by Nicholas Robertson.
2:59 of 1st period - Stopped by Alexei Kolosov without a rebound.
3:00 of 1st period - Mikhail Abramov wins face-off versus Seth Griffith in Senators zone.
3:38 of 1st period - Icing by Matt Donovan.
3:39 of 1st period - Mikhail Abramov wins face-off versus Cal O'Reilly in Griffins zone.
3:39 of 1st period - Mikhail Abramov is hit by Milan Lucic.
4:22 of 1st period - Icing by Logan Day.
4:23 of 1st period - Hendrix Lapierre wins face-off versus Cal O'Reilly in Senators zone.
5:15 of 1st period - Jacob Peterson is hit by Dakota Mermis and loses puck.
5:29 of 1st period - Fyodor Svechkov is hit by Mathieu Olivier and loses puck.
5:54 of 1st period - Shot by Gerry Mayhew.
5:54 of 1st period - Stopped by Casey DeSmith without a rebound.
5:55 of 1st period - Graeme Clarke wins face-off versus Mikhail Abramov in Griffins zone.
6:14 of 1st period - Shot by Graeme Clarke.
6:14 of 1st period - Shot Misses the Net.
6:15 of 1st period - Minor Penalty to Jake Livingstone for Interference.
6:16 of 1st period - Peter Abbandonato wins face-off versus Fyodor Svechkov in Griffins zone.
6:17 of 1st period - Shot by Dakota Mermis.
6:17 of 1st period - Stopped by Casey DeSmith without a rebound.
6:18 of 1st period - Peter Abbandonato wins face-off versus Fyodor Svechkov in Griffins zone.
6:50 of 1st period - Shot by Nicholas Robertson.
6:50 of 1st period - Stopped by Alexei Kolosov without a rebound.
6:51 of 1st period - Seth Griffith wins face-off versus Justin Sourdif in Senators zone.
7:12 of 1st period - Shot by Cameron Hebig.
7:12 of 1st period - Shot Misses the Net.
7:22 of 1st period - Shot by Jon Merrill.
7:22 of 1st period - Shot Misses the Net.
8:28 of 1st period - Shot by Milan Lucic.
8:28 of 1st period - Stopped by Casey DeSmith without a rebound.
8:29 of 1st period - Mikhail Abramov wins face-off versus Cal O'Reilly in Griffins zone.
8:29 of 1st period - Matthew Boucher is hit by Milan Lucic.
8:44 of 1st period - Shot by Bryce Kindopp.
8:44 of 1st period - Shot Blocked by Roland McKeown.
9:49 of 1st period - Hendrix Lapierre is hit by Dakota Mermis and loses puck.
10:06 of 1st period - Matt Donovan is hit by Givani Smith.
10:18 of 1st period - Shot by Peter Abbandonato.
10:18 of 1st period - Deflect By Givani Smith.
10:18 of 1st period - Shot Misses the Net.
11:05 of 1st period - Shot by Milan Lucic.
11:05 of 1st period - Deflect By Tyler Spezia.
11:05 of 1st period - Shot Misses the Net.
11:15 of 1st period - Icing by Tyler Spezia.
11:16 of 1st period - Mikhail Abramov wins face-off versus Cal O'Reilly in Senators zone.
11:19 of 1st period - Shot by Matthew Boucher.
11:19 of 1st period - Stopped by Alexei Kolosov without a rebound.
11:20 of 1st period - Seth Griffith wins face-off versus Justin Sourdif in Senators zone.
11:25 of 1st period - Shot by Cameron Hebig.
11:25 of 1st period - Stopped by Casey DeSmith without a rebound.
11:26 of 1st period - Seth Griffith wins face-off versus Mikhail Abramov in Griffins zone.
11:29 of 1st period - Shot by Seth Griffith.
11:29 of 1st period - Shot Misses the Net.
11:56 of 1st period - Icing by Mikhail Abramov.
11:57 of 1st period - Graeme Clarke wins face-off versus Mikhail Abramov in Griffins zone.
12:00 of 1st period - Shot by Gerry Mayhew.
12:00 of 1st period - Shot Blocked by Brady Lyle.
12:03 of 1st period - Icing by Bryce Kindopp.
12:04 of 1st period - Peter Abbandonato wins face-off versus Mikhail Abramov in Griffins zone.
12:57 of 1st period - Shot by Justin Sourdif.
12:57 of 1st period - Stopped by Alexei Kolosov without a rebound.
12:58 of 1st period - Hendrix Lapierre wins face-off versus Graeme Clarke in Senators zone.
13:04 of 1st period - Gerry Mayhew is hit by Joel L'Esperance and loses puck.
13:25 of 1st period - Shot by Hendrix Lapierre.
13:25 of 1st period - Shot Blocked by Dakota Mermis.
13:50 of 1st period - Icing by Logan Day.
13:51 of 1st period - Jacob Peterson wins face-off versus Seth Griffith in Senators zone.
13:53 of 1st period - Nicholas Robertson is hit by Jon Merrill and loses puck.
14:03 of 1st period - Nicholas Robertson is hit by Logan Day and loses puck.
14:16 of 1st period - John Ludvig is hit by Mathieu Olivier and loses puck.
14:18 of 1st period - Minor Penalty to Mathieu Olivier for Holding.
14:19 of 1st period - Justin Sourdif wins face-off versus Greg McKegg in Senators zone.
14:48 of 1st period - Shot by John Ludvig.
14:48 of 1st period - Shot Misses the Net.
15:11 of 1st period - Icing by Jacob Peterson.
15:12 of 1st period - Greg McKegg wins face-off versus Jacob Peterson in Griffins zone.
15:23 of 1st period - Shot by Greg McKegg.
15:23 of 1st period - Shot Misses the Net.
15:27 of 1st period - Shot by Cameron Hebig.
15:27 of 1st period - Shot Misses the Net.
16:30 of 1st period - Shot by Cal O'Reilly.
16:30 of 1st period - Stopped by Casey DeSmith without a rebound.
16:31 of 1st period - Peter Abbandonato wins face-off versus Justin Sourdif in Griffins zone.
16:32 of 1st period - Shot by Givani Smith.
16:32 of 1st period - Shot Blocked by Eemil Viro.
17:26 of 1st period - Off-side.
17:27 of 1st period - Mikhail Abramov wins face-off versus Graeme Clarke in neutral zone.
17:43 of 1st period - Shot by Tye Felhaber.
17:43 of 1st period - Stopped by Casey DeSmith without a rebound.
17:44 of 1st period - Seth Griffith wins face-off versus Hendrix Lapierre in Griffins zone.
18:11 of 1st period - Shot by Cameron Hebig.
18:11 of 1st period - Stopped by Casey DeSmith without a rebound.
18:12 of 1st period - Mikhail Abramov wins face-off versus Graeme Clarke in Griffins zone.
18:29 of 1st period - Matthew Boucher is hit by Gerry Mayhew and loses puck.
18:40 of 1st period - Shot by Gerry Mayhew.
18:40 of 1st period - Deflect By Graeme Clarke.
18:40 of 1st period - Stopped by Casey DeSmith with a rebound.
19:08 of 1st period - Off-side.
19:09 of 1st period - Seth Griffith wins face-off versus Jacob Peterson in neutral zone.
19:17 of 1st period - Nicholas Robertson is hit by Mathieu Olivier and loses puck.
19:48 of 1st period - Icing by Jon Merrill.
19:49 of 1st period - Seth Griffith wins face-off versus Hendrix Lapierre in Senators zone.
19:49 of 1st period - Cameron Hebig is hit by Justin Sourdif and loses puck.
19:53 of 1st period - Minor Penalty to Logan Day for High sticking.
19:54 of 1st period - Hendrix Lapierre wins face-off versus Greg McKegg in Senators zone.
Goals for this period are 0 for Griffins vs 1 for Senators.
Shots for this period are 5 for Griffins vs 11 for Senators.
2nd period
0:01 of 2nd period - Greg McKegg wins face-off versus Hendrix Lapierre in neutral zone.
0:16 of 2nd period - Shot by Mathieu Olivier.
0:16 of 2nd period - Shot Misses the Net.
0:18 of 2nd period - Shot by Greg McKegg.
0:18 of 2nd period - Stopped by Casey DeSmith with a rebound.
0:20 of 2nd period - Shot by Mathieu Olivier.
0:20 of 2nd period - Shot Blocked by John Ludvig.
0:22 of 2nd period - Shot by Mathieu Olivier.
0:22 of 2nd period - Stopped by Casey DeSmith without a rebound.
0:23 of 2nd period - Jacob Peterson wins face-off versus Greg McKegg in Griffins zone.
0:46 of 2nd period - Shot by Jacob Peterson.
0:46 of 2nd period - Deflect By Nicholas Robertson.
0:46 of 2nd period - Stopped by Alexei Kolosov with a rebound.
0:56 of 2nd period - Shot by Nicholas Robertson.
0:56 of 2nd period - Shot Misses the Net.
0:58 of 2nd period - Shot by Jake Livingstone.
0:58 of 2nd period - Stopped by Alexei Kolosov without a rebound.
0:59 of 2nd period - Greg McKegg wins face-off versus Hendrix Lapierre in Senators zone.
1:05 of 2nd period - Icing by Mikhail Abramov.
1:06 of 2nd period - Hendrix Lapierre wins face-off versus Greg McKegg in Griffins zone.
1:06 of 2nd period - Hendrix Lapierre is hit by Greg McKegg.
1:25 of 2nd period - Shot by Justin Sourdif.
1:25 of 2nd period - Shot Blocked by Dakota Mermis.
1:27 of 2nd period - Shot by John Ludvig.
1:27 of 2nd period - Stopped by Alexei Kolosov with a rebound.
1:29 of 2nd period - Shot by John Ludvig.
1:29 of 2nd period - Stopped by Alexei Kolosov without a rebound.
1:30 of 2nd period - Jacob Peterson wins face-off versus Greg McKegg in Senators zone.
1:41 of 2nd period - Shot by Jacob Peterson.
1:41 of 2nd period - Stopped by Alexei Kolosov without a rebound.
1:42 of 2nd period - Justin Sourdif wins face-off versus Cal O'Reilly in Senators zone.
2:01 of 2nd period - Shot by Nicholas Robertson.
2:01 of 2nd period - Stopped by Alexei Kolosov without a rebound.
2:02 of 2nd period - Peter Abbandonato wins face-off versus Justin Sourdif in Senators zone.
2:18 of 2nd period - Icing by Givani Smith.
2:19 of 2nd period - Mikhail Abramov wins face-off versus Peter Abbandonato in Senators zone.
2:44 of 2nd period - Shot by Peter Abbandonato.
2:44 of 2nd period - Stopped by Casey DeSmith with a rebound.
2:46 of 2nd period - Shot by Logan Day.
2:46 of 2nd period - Stopped by Casey DeSmith without a rebound.
2:47 of 2nd period - Justin Sourdif wins face-off versus Graeme Clarke in Griffins zone.
2:56 of 2nd period - Shot by Bobby Trivigno.
2:56 of 2nd period - Shot Misses the Net.
2:58 of 2nd period - Shot by Nicholas Robertson.
2:58 of 2nd period - Deflect By Bobby Trivigno.
2:58 of 2nd period - Shot Hit the Post.
3:00 of 2nd period - Shot by Eemil Viro.
3:00 of 2nd period - Shot Blocked by Dakota Mermis.
3:02 of 2nd period - Shot by Bobby Trivigno.
3:02 of 2nd period - Stopped by Alexei Kolosov with a rebound.
3:04 of 2nd period - Shot by Eemil Viro.
3:04 of 2nd period - Shot Misses the Net.
3:06 of 2nd period - Shot by Brady Lyle.
3:06 of 2nd period - Stopped by Alexei Kolosov with a rebound.
3:16 of 2nd period - Shot by Brady Lyle.
3:16 of 2nd period - Stopped by Alexei Kolosov without a rebound.
3:17 of 2nd period - Mikhail Abramov wins face-off versus Seth Griffith in Senators zone.
3:28 of 2nd period - Shot by Mikhail Abramov.
3:28 of 2nd period - Shot Misses the Net.
4:56 of 2nd period - Off-side.
4:57 of 2nd period - Jacob Peterson wins face-off versus Graeme Clarke in neutral zone.
5:16 of 2nd period - Icing by Fyodor Svechkov.
5:17 of 2nd period - Cal O'Reilly wins face-off versus Jacob Peterson in Griffins zone.
5:39 of 2nd period - Shot by Milan Lucic.
5:39 of 2nd period - Shot Misses the Net.
5:41 of 2nd period - Shot by Riley Stillman.
5:41 of 2nd period - Stopped by Casey DeSmith without a rebound.
5:42 of 2nd period - Seth Griffith wins face-off versus Mikhail Abramov in Griffins zone.
6:16 of 2nd period - Mathieu Olivier is hit by John Ludvig and loses puck.
6:46 of 2nd period - Shot by Justin Sourdif.
6:46 of 2nd period - Shot Misses the Net.
6:48 of 2nd period - Shot by Justin Sourdif.
6:48 of 2nd period - Deflect By Hendrix Lapierre.
6:48 of 2nd period - Stopped by Alexei Kolosov with a rebound.
6:50 of 2nd period - Shot by Joel L'Esperance.
6:50 of 2nd period - Shot Misses the Net.
6:52 of 2nd period - Shot by Joel L'Esperance.
6:52 of 2nd period - Stopped by Alexei Kolosov with a rebound.
7:06 of 2nd period - Shot by Justin Sourdif.
7:06 of 2nd period - Shot Blocked by Jon Merrill.
7:08 of 2nd period - Shot by Jake Livingstone.
7:08 of 2nd period - Shot Blocked by Logan Day.
7:10 of 2nd period - Shot by Joel L'Esperance.
7:10 of 2nd period - Stopped by Alexei Kolosov with a rebound.
7:19 of 2nd period - Gerry Mayhew is hit by Jacob Peterson and loses puck.
7:35 of 2nd period - Jacob Peterson is hit by Logan Day and loses puck.
8:02 of 2nd period - Shot by Justin Sourdif.
8:02 of 2nd period - Shot Misses the Net.
8:04 of 2nd period - Shot by John Ludvig.
8:04 of 2nd period - Shot Misses the Net.
8:06 of 2nd period - Shot by John Ludvig.
8:06 of 2nd period - Shot Misses the Net.
8:08 of 2nd period - Shot by Marc McLaughlin.
8:08 of 2nd period - Stopped by Alexei Kolosov without a rebound.
8:09 of 2nd period - Mikhail Abramov wins face-off versus Seth Griffith in Senators zone.
8:24 of 2nd period - Shot by Mikhail Abramov.
8:24 of 2nd period - Goal by Mikhail Abramov - Griffins : 1 - Senators : 1.
8:25 of 2nd period - Hendrix Lapierre wins face-off versus Peter Abbandonato in neutral zone.
8:34 of 2nd period - Shot by Hendrix Lapierre.
8:34 of 2nd period - Stopped by Alexei Kolosov with a rebound.
8:52 of 2nd period - Shot by Hendrix Lapierre.
8:52 of 2nd period - Shot Misses the Net.
9:12 of 2nd period - Shot by Jacob Peterson.
9:12 of 2nd period - Shot Misses the Net.
9:30 of 2nd period - Nicholas Robertson is hit by Roland McKeown.
9:33 of 2nd period - Minor Penalty to Riley Stillman for Tripping.
9:34 of 2nd period - Hendrix Lapierre wins face-off versus Milan Lucic in Senators zone.
9:53 of 2nd period - Minor Penalty to William Villeneuve for Roughing.
9:54 of 2nd period - Jacob Peterson wins face-off versus Cal O'Reilly in Senators zone.
10:06 of 2nd period - Shot by Nicholas Robertson.
10:06 of 2nd period - Stopped by Alexei Kolosov with a rebound.
10:08 of 2nd period - Shot by Nicholas Robertson.
10:08 of 2nd period - Shot Misses the Net.
10:16 of 2nd period - Shot by Jacob Peterson.
10:16 of 2nd period - Stopped by Alexei Kolosov without a rebound.
10:17 of 2nd period - Greg McKegg wins face-off versus Hendrix Lapierre in Senators zone.
10:23 of 2nd period - Icing by John Ludvig.
10:24 of 2nd period - Hendrix Lapierre wins face-off versus Greg McKegg in Griffins zone.
10:37 of 2nd period - Shot by Hendrix Lapierre.
10:37 of 2nd period - Stopped by Alexei Kolosov with a rebound.
10:39 of 2nd period - Shot by Justin Sourdif.
10:39 of 2nd period - Shot Misses the Net.
10:41 of 2nd period - Shot by John Ludvig.
10:41 of 2nd period - Shot Misses the Net.
12:07 of 2nd period - Graeme Clarke is hit by Eemil Viro and loses puck.
12:10 of 2nd period - Shot by Graeme Clarke.
12:10 of 2nd period - Stopped by Casey DeSmith without a rebound.
12:11 of 2nd period - Marc McLaughlin wins face-off versus Mathieu Olivier in Griffins zone.
12:16 of 2nd period - Shot by Seth Griffith.
12:16 of 2nd period - Stopped by Casey DeSmith without a rebound.
12:17 of 2nd period - Seth Griffith wins face-off versus Mikhail Abramov in Griffins zone.
12:17 of 2nd period - Mathieu Olivier is hit by Chase Priskie and loses puck.
12:20 of 2nd period - Shot by Seth Griffith.
12:20 of 2nd period - Shot Misses the Net.
12:22 of 2nd period - Shot by Seth Griffith.
12:22 of 2nd period - Stopped by Casey DeSmith without a rebound.
12:23 of 2nd period - Seth Griffith wins face-off versus Jacob Peterson in Griffins zone.
12:26 of 2nd period - Shot by Jon Merrill.
12:26 of 2nd period - Shot Misses the Net.
12:28 of 2nd period - Shot by Mathieu Olivier.
12:28 of 2nd period - Stopped by Casey DeSmith without a rebound.
12:29 of 2nd period - Seth Griffith wins face-off versus Hendrix Lapierre in Griffins zone.
13:01 of 2nd period - Mathieu Olivier is hit by Chase Priskie and loses puck.
13:04 of 2nd period - Shot by Mathieu Olivier.
13:04 of 2nd period - Stopped by Casey DeSmith without a rebound.
13:05 of 2nd period - Jacob Peterson wins face-off versus Cal O'Reilly in Griffins zone.
13:12 of 2nd period - Dakota Mermis is hit by Jacob Peterson and loses puck.
13:21 of 2nd period - Shot by Jacob Peterson.
13:21 of 2nd period - Stopped by Alexei Kolosov without a rebound.
13:22 of 2nd period - Bryce Kindopp wins face-off versus Graeme Clarke in Senators zone.
13:23 of 2nd period - Shot by Matthew Boucher.
13:23 of 2nd period - Shot Misses the Net.
13:31 of 2nd period - Shot by Brady Lyle.
13:31 of 2nd period - Shot Blocked by Jon Merrill.
14:06 of 2nd period - Icing by Logan Day.
14:07 of 2nd period - Justin Sourdif wins face-off versus Graeme Clarke in Senators zone.
14:07 of 2nd period - Justin Sourdif is hit by Logan Day.
14:26 of 2nd period - Shot by Justin Sourdif.
14:26 of 2nd period - Stopped by Alexei Kolosov without a rebound.
14:27 of 2nd period - Hendrix Lapierre wins face-off versus Seth Griffith in Senators zone.
14:48 of 2nd period - Shot by Hendrix Lapierre.
14:48 of 2nd period - Shot Blocked by Dakota Mermis.
15:52 of 2nd period - Cal O'Reilly is hit by John Ludvig and loses puck.
16:21 of 2nd period - Off-side.
16:22 of 2nd period - Hendrix Lapierre wins face-off versus Graeme Clarke in neutral zone.
17:28 of 2nd period - Matthew Boucher is hit by Peter Abbandonato and loses puck.
17:32 of 2nd period - Mikhail Abramov is hit by Riley Stillman and loses puck.
17:34 of 2nd period - Minor Penalty to Roland McKeown for Roughing.
17:35 of 2nd period - Greg McKegg wins face-off versus Jacob Peterson in Senators zone.
18:00 of 2nd period - Shot by Chase Priskie.
18:00 of 2nd period - Shot Misses the Net.
18:51 of 2nd period - Shot by Justin Sourdif.
18:51 of 2nd period - Deflect By Hendrix Lapierre.
18:51 of 2nd period - Stopped by Alexei Kolosov with a rebound.
18:53 of 2nd period - Shot by Jake Livingstone.
18:53 of 2nd period - Shot Misses the Net.
18:55 of 2nd period - Shot by Mikhail Abramov.
18:55 of 2nd period - Goal by Mikhail Abramov - Griffins : 2 - Senators : 1.
18:56 of 2nd period - Graeme Clarke wins face-off versus Mikhail Abramov in neutral zone.
19:01 of 2nd period - Bryce Kindopp is hit by Graeme Clarke and loses puck.
19:10 of 2nd period - Shot by Gerry Mayhew.
19:10 of 2nd period - Stopped by Casey DeSmith without a rebound.
19:11 of 2nd period - Cal O'Reilly wins face-off versus Hendrix Lapierre in Griffins zone.
19:12 of 2nd period - Shot by Milan Lucic.
19:12 of 2nd period - Stopped by Casey DeSmith without a rebound.
19:13 of 2nd period - Hendrix Lapierre wins face-off versus Cal O'Reilly in Griffins zone.
19:39 of 2nd period - Shot by Matt Donovan.
19:39 of 2nd period - Stopped by Alexei Kolosov without a rebound.
19:40 of 2nd period - Mikhail Abramov wins face-off versus Seth Griffith in Senators zone.
19:43 of 2nd period - Shot by Bryce Kindopp.
19:43 of 2nd period - Shot Misses the Net.
Goals for this period are 2 for Griffins vs 0 for Senators.
Shots for this period are 23 for Griffins vs 12 for Senators.
3rd period
0:01 of 3rd period - Justin Sourdif wins face-off versus Seth Griffith in neutral zone.
0:20 of 3rd period - Shot by Nicholas Robertson.
0:20 of 3rd period - Stopped by Alexei Kolosov with a rebound.
0:22 of 3rd period - Shot by Nicholas Robertson.
0:22 of 3rd period - Deflect By Bobby Trivigno.
0:22 of 3rd period - Shot Hit the Post.
0:24 of 3rd period - Shot by John Ludvig.
0:24 of 3rd period - Shot Misses the Net.
0:26 of 3rd period - Shot by Nicholas Robertson.
0:26 of 3rd period - Deflect By Justin Sourdif.
0:26 of 3rd period - Stopped by Alexei Kolosov without a rebound.
0:27 of 3rd period - Peter Abbandonato wins face-off versus Mikhail Abramov in Senators zone.
0:27 of 3rd period - Peter Abbandonato is hit by Matthew Boucher.
0:34 of 3rd period - Minor Penalty to Givani Smith for Roughing.
0:35 of 3rd period - Greg McKegg wins face-off versus Hendrix Lapierre in Senators zone.
0:56 of 3rd period - Shot by Hendrix Lapierre.
0:56 of 3rd period - Stopped by Alexei Kolosov without a rebound.
0:57 of 3rd period - Greg McKegg wins face-off versus Jacob Peterson in Senators zone.
0:57 of 3rd period - Greg McKegg is hit by Nicholas Robertson.
1:22 of 3rd period - Icing by Chase Priskie.
1:23 of 3rd period - Cal O'Reilly wins face-off versus Jacob Peterson in Griffins zone.
2:41 of 3rd period - Shot by Gerry Mayhew.
2:41 of 3rd period - Shot Misses the Net.
2:43 of 3rd period - Shot by Gerry Mayhew.
2:43 of 3rd period - Shot Blocked by Brady Lyle.
2:50 of 3rd period - Tye Felhaber is hit by Eemil Viro and loses puck.
2:56 of 3rd period - Graeme Clarke is hit by Brady Lyle and loses puck.
3:18 of 3rd period - Icing by Cal O'Reilly.
3:19 of 3rd period - Cal O'Reilly wins face-off versus Nicholas Robertson in Senators zone.
3:24 of 3rd period - John Ludvig is hit by Milan Lucic and loses puck.
3:48 of 3rd period - Shot by Chase Priskie.
3:48 of 3rd period - Stopped by Alexei Kolosov without a rebound.
3:49 of 3rd period - Hendrix Lapierre wins face-off versus Seth Griffith in Senators zone.
4:21 of 3rd period - Shot by Seth Griffith.
4:21 of 3rd period - Shot Misses the Net.
4:23 of 3rd period - Shot by Mathieu Olivier.
4:23 of 3rd period - Shot Misses the Net.
4:25 of 3rd period - Shot by Cameron Hebig.
4:25 of 3rd period - Stopped by Casey DeSmith with a rebound.
4:42 of 3rd period - Icing by Joel L'Esperance.
4:43 of 3rd period - Hendrix Lapierre wins face-off versus Gerry Mayhew in Griffins zone.
5:03 of 3rd period - Shot by Tye Felhaber.
5:03 of 3rd period - Shot Misses the Net.
5:12 of 3rd period - Minor Penalty to Matt Donovan for Hooking.
5:13 of 3rd period - Fyodor Svechkov wins face-off versus Peter Abbandonato in Griffins zone.
5:25 of 3rd period - Off-side.
5:26 of 3rd period - Jacob Peterson wins face-off versus Seth Griffith in neutral zone.
5:51 of 3rd period - Chase Priskie is hit by Mathieu Olivier and loses puck.
5:58 of 3rd period - Shot by Seth Griffith.
5:58 of 3rd period - Shot Misses the Net.
6:00 of 3rd period - Shot by Gerry Mayhew.
6:00 of 3rd period - Stopped by Casey DeSmith without a rebound.
6:01 of 3rd period - Fyodor Svechkov wins face-off versus Peter Abbandonato in Griffins zone.
6:28 of 3rd period - Icing by Cameron Hebig.
6:29 of 3rd period - Justin Sourdif wins face-off versus Peter Abbandonato in Senators zone.
7:09 of 3rd period - Shot by Gerry Mayhew.
7:09 of 3rd period - Stopped by Casey DeSmith without a rebound.
7:10 of 3rd period - Fyodor Svechkov wins face-off versus Seth Griffith in Griffins zone.
7:10 of 3rd period - Fyodor Svechkov is hit by Seth Griffith.
7:21 of 3rd period - Minor Penalty to Riley Stillman for Tripping.
7:22 of 3rd period - Greg McKegg wins face-off versus Hendrix Lapierre in Senators zone.
7:22 of 3rd period - Greg McKegg is hit by Justin Sourdif.
7:34 of 3rd period - Shot by Matt Donovan.
7:34 of 3rd period - Stopped by Alexei Kolosov without a rebound.
7:35 of 3rd period - Greg McKegg wins face-off versus Jacob Peterson in Senators zone.
7:44 of 3rd period - Greg McKegg is hit by Fyodor Svechkov and loses puck.
9:06 of 3rd period - Minor Penalty to William Villeneuve for Cross-checking.
9:07 of 3rd period - Hendrix Lapierre wins face-off versus Greg McKegg in Senators zone.
9:08 of 3rd period - Shot by John Ludvig.
9:08 of 3rd period - Stopped by Alexei Kolosov with a rebound.
9:16 of 3rd period - Shot by John Ludvig.
9:16 of 3rd period - Shot Misses the Net.
9:20 of 3rd period - Shot by Mikhail Abramov.
9:20 of 3rd period - Shot Misses the Net.
10:06 of 3rd period - Shot by Jacob Peterson.
10:06 of 3rd period - Stopped by Alexei Kolosov without a rebound.
10:07 of 3rd period - Greg McKegg wins face-off versus Jacob Peterson in Senators zone.
10:18 of 3rd period - Shot by Nicholas Robertson.
10:18 of 3rd period - Shot Misses the Net.
10:54 of 3rd period - Shot by Marc McLaughlin.
10:54 of 3rd period - Shot Hit the Post.
11:18 of 3rd period - Shot by Graeme Clarke.
11:18 of 3rd period - Deflect By Gerry Mayhew.
11:18 of 3rd period - Goal by Gerry Mayhew - Griffins : 2 - Senators : 2.
11:19 of 3rd period - Hendrix Lapierre wins face-off versus Cal O'Reilly in neutral zone.
11:34 of 3rd period - Joel L'Esperance is hit by Milan Lucic and loses puck.
11:42 of 3rd period - Icing by John Ludvig.
11:43 of 3rd period - Graeme Clarke wins face-off versus Hendrix Lapierre in Griffins zone.
12:12 of 3rd period - Mikhail Abramov is hit by Graeme Clarke and loses puck.
12:27 of 3rd period - Greg McKegg is hit by Matthew Boucher.
12:31 of 3rd period - Eemil Viro is hit by Givani Smith and loses puck.
12:36 of 3rd period - Shot by Givani Smith.
12:36 of 3rd period - Shot Misses the Net.
12:50 of 3rd period - Shot by Peter Abbandonato.
12:50 of 3rd period - Stopped by Casey DeSmith without a rebound.
12:51 of 3rd period - Seth Griffith wins face-off versus Jacob Peterson in Griffins zone.
12:55 of 3rd period - Shot by Seth Griffith.
12:55 of 3rd period - Stopped by Casey DeSmith with a rebound.
12:57 of 3rd period - Shot by Dakota Mermis.
12:57 of 3rd period - Stopped by Casey DeSmith without a rebound.
12:58 of 3rd period - Cameron Hebig wins face-off versus Jacob Peterson in Griffins zone.
12:59 of 3rd period - Shot by Mathieu Olivier.
12:59 of 3rd period - Stopped by Casey DeSmith with a rebound.
13:03 of 3rd period - Shot by Seth Griffith.
13:03 of 3rd period - Shot Misses the Net.
13:05 of 3rd period - Shot by Seth Griffith.
13:05 of 3rd period - Goal by Seth Griffith - Griffins : 2 - Senators : 3.
13:06 of 3rd period - Seth Griffith wins face-off versus Jacob Peterson in neutral zone.
13:09 of 3rd period - Shot by Mathieu Olivier.
13:09 of 3rd period - Stopped by Casey DeSmith with a rebound.
13:11 of 3rd period - Shot by Mathieu Olivier.
13:11 of 3rd period - Shot Blocked by Nicholas Robertson.
14:02 of 3rd period - Hendrix Lapierre is hit by Logan Day and loses puck.
14:12 of 3rd period - Shot by Hendrix Lapierre.
14:12 of 3rd period - Stopped by Alexei Kolosov without a rebound.
14:13 of 3rd period - Mikhail Abramov wins face-off versus Cal O'Reilly in Senators zone.
14:22 of 3rd period - Shot by Matthew Boucher.
14:22 of 3rd period - Stopped by Alexei Kolosov without a rebound.
14:23 of 3rd period - Tye Felhaber wins face-off versus Bryce Kindopp in Senators zone.
14:23 of 3rd period - Tye Felhaber is hit by Mikhail Abramov.
14:28 of 3rd period - Jon Merrill is hit by Eemil Viro and loses puck.
14:41 of 3rd period - Shot by Matthew Boucher.
14:41 of 3rd period - Shot Blocked by Logan Day.
14:43 of 3rd period - Shot by Eemil Viro.
14:43 of 3rd period - Shot Blocked by Jon Merrill.
14:45 of 3rd period - Shot by Matthew Boucher.
14:45 of 3rd period - Shot Misses the Net.
15:07 of 3rd period - Justin Sourdif is hit by Logan Day and loses puck.
15:10 of 3rd period - Shot by Justin Sourdif.
15:10 of 3rd period - Deflect By Nicholas Robertson.
15:10 of 3rd period - Stopped by Alexei Kolosov with a rebound.
16:00 of 3rd period - Off-side.
16:01 of 3rd period - Jacob Peterson wins face-off versus Seth Griffith in neutral zone.
16:08 of 3rd period - Shot by Nicholas Robertson.
16:08 of 3rd period - Shot Misses the Net.
16:37 of 3rd period - Shot by Mathieu Olivier.
16:37 of 3rd period - Deflect By Seth Griffith.
16:37 of 3rd period - Stopped by Casey DeSmith without a rebound.
16:38 of 3rd period - Peter Abbandonato wins face-off versus Mikhail Abramov in Griffins zone.
16:53 of 3rd period - Shot by Matthew Boucher.
16:53 of 3rd period - Stopped by Alexei Kolosov with a rebound.
16:55 of 3rd period - Shot by Matt Donovan.
16:55 of 3rd period - Stopped by Alexei Kolosov without a rebound.
16:56 of 3rd period - Hendrix Lapierre wins face-off versus Milan Lucic in Senators zone.
17:05 of 3rd period - Shot by Joel L'Esperance.
17:05 of 3rd period - Stopped by Alexei Kolosov without a rebound.
17:06 of 3rd period - Peter Abbandonato wins face-off versus Mikhail Abramov in Senators zone.
17:26 of 3rd period - Greg McKegg is hit by Matt Donovan and loses puck.
18:39 of 3rd period - Shot by Cameron Hebig.
18:39 of 3rd period - Shot Misses the Net.
18:50 of 3rd period - Shot by Cameron Hebig.
18:50 of 3rd period - Shot Misses the Net.
18:52 of 3rd period - Shot by Cameron Hebig.
18:52 of 3rd period - Stopped by Casey DeSmith with a rebound.
18:54 of 3rd period - Shot by Mathieu Olivier.
18:54 of 3rd period - Stopped by Casey DeSmith with a rebound.
18:58 of 3rd period - Shot by Mathieu Olivier.
18:58 of 3rd period - Stopped by Casey DeSmith with a rebound.
19:05 of 3rd period - Icing by Chase Priskie.
19:06 of 3rd period - Cal O'Reilly wins face-off versus Joel L'Esperance in Griffins zone.
19:16 of 3rd period - Minor Penalty to Mathieu Olivier for Tripping.
19:17 of 3rd period - Jacob Peterson wins face-off versus Cal O'Reilly in Senators zone.
19:18 of 3rd period - Griffins, Casey DeSmith is pulled from the net.
19:32 of 3rd period - Shot by Jacob Peterson.
19:32 of 3rd period - Shot Misses the Net.
19:49 of 3rd period - Shot by Jacob Peterson.
19:49 of 3rd period - Goal by Jacob Peterson - Griffins : 3 - Senators : 3.
19:49 of 3rd period - Casey DeSmith from Griffins was sent back in the game.
19:50 of 3rd period - Mikhail Abramov wins face-off versus Graeme Clarke in neutral zone.
19:57 of 3rd period - Shot by Mikhail Abramov.
19:57 of 3rd period - Shot Misses the Net.
Goals for this period are 1 for Griffins vs 2 for Senators.
Shots for this period are 14 for Griffins vs 14 for Senators.
Overtime #1
0:01 of 1st overtime period - Joel L'Esperance wins face-off versus Seth Griffith in neutral zone.
0:52 of 1st overtime period - Icing by Jon Merrill.
0:53 of 1st overtime period - Graeme Clarke wins face-off versus Hendrix Lapierre in Senators zone.
1:01 of 1st overtime period - Icing by Chase Priskie.
1:02 of 1st overtime period - Hendrix Lapierre wins face-off versus Graeme Clarke in Griffins zone.
1:42 of 1st overtime period - Icing by Hendrix Lapierre.
1:43 of 1st overtime period - Hendrix Lapierre wins face-off versus Givani Smith in Griffins zone.
1:45 of 1st overtime period - Icing by Nicholas Robertson.
1:46 of 1st overtime period - Graeme Clarke wins face-off versus Hendrix Lapierre in Griffins zone.
2:11 of 1st overtime period - Shot by Mathieu Olivier.
2:11 of 1st overtime period - Stopped by Casey DeSmith with a rebound.
2:38 of 1st overtime period - Icing by John Ludvig.
2:39 of 1st overtime period - Seth Griffith wins face-off versus Joel L'Esperance in Griffins zone.
2:58 of 1st overtime period - Matthew Boucher is hit by Jon Merrill and loses puck.
3:26 of 1st overtime period - Shot by Fyodor Svechkov.
3:26 of 1st overtime period - Stopped by Alexei Kolosov without a rebound.
3:27 of 1st overtime period - Gerry Mayhew wins face-off versus Fyodor Svechkov in Senators zone.
3:40 of 1st overtime period - Shot by Mathieu Olivier.
3:40 of 1st overtime period - Shot Misses the Net.
3:49 of 1st overtime period - Icing by Jacob Peterson.
3:50 of 1st overtime period - Graeme Clarke wins face-off versus Fyodor Svechkov in Griffins zone.
4:07 of 1st overtime period - Shot by Jon Merrill.
4:07 of 1st overtime period - Stopped by Casey DeSmith with a rebound.
Goals for this period are 0 for Griffins vs 0 for Senators.
Shots for this period are 1 for Griffins vs 2 for Senators.
ShootOut
5:00 of 1st overtime period - Round #1.
5:00 of 1st overtime period - Griffins, Mikhail Abramov.
5:00 of 1st overtime period - Shot Misses the Net.
5:00 of 1st overtime period - Senators, Gerry Mayhew.
5:00 of 1st overtime period - Stopped by Casey DeSmith.
5:00 of 1st overtime period - Round #2.
5:00 of 1st overtime period - Griffins, Fyodor Svechkov.
5:00 of 1st overtime period - Shot Misses the Net.
5:00 of 1st overtime period - Senators, Seth Griffith.
5:00 of 1st overtime period - Stopped by Casey DeSmith.
5:00 of 1st overtime period - Round #3.
5:00 of 1st overtime period - Griffins, Hendrix Lapierre.
5:00 of 1st overtime period - Stopped by Alexei Kolosov.
5:00 of 1st overtime period - Senators, Graeme Clarke.
5:00 of 1st overtime period - Stopped by Casey DeSmith.
5:00 of 1st overtime period - Round #4.
5:00 of 1st overtime period - Griffins, Nicholas Robertson.
5:00 of 1st overtime period - Stopped by Alexei Kolosov.
5:00 of 1st overtime period - Senators, Cameron Hebig.
5:00 of 1st overtime period - Stopped by Casey DeSmith.
5:00 of 1st overtime period - Round #5.
5:00 of 1st overtime period - Griffins, Jacob Peterson.
5:00 of 1st overtime period - Stopped by Alexei Kolosov.
5:00 of 1st overtime period - Senators, Mathieu Olivier.
5:00 of 1st overtime period - Shot Misses the Net.
5:00 of 1st overtime period - Round #6.
5:00 of 1st overtime period - Griffins, Joel L'Esperance.
5:00 of 1st overtime period - Stopped by Alexei Kolosov.
5:00 of 1st overtime period - Senators, Dakota Mermis.
5:00 of 1st overtime period - Stopped by Casey DeSmith.
5:00 of 1st overtime period - Round #7.
5:00 of 1st overtime period - Griffins, Justin Sourdif.
5:00 of 1st overtime period - Stopped by Alexei Kolosov.
5:00 of 1st overtime period - Senators, Peter Abbandonato.
5:00 of 1st overtime period - Shot Misses the Net.
5:00 of 1st overtime period - Round #8.
5:00 of 1st overtime period - Griffins, Matthew Boucher.
5:00 of 1st overtime period - Goal by Matthew Boucher.
5:00 of 1st overtime period - Senators, Tye Felhaber.
5:00 of 1st overtime period - Goal by Tye Felhaber.
5:00 of 1st overtime period - Round #9.
5:00 of 1st overtime period - Griffins, Marc McLaughlin.
5:00 of 1st overtime period - Stopped by Alexei Kolosov.
5:00 of 1st overtime period - Senators, Cal O'Reilly.
5:00 of 1st overtime period - Goal by Cal O'Reilly.
Back to the Top